 Dungeon Crawl Stone Soup version 0.27.1 (webtiles) character file.

Game seed: 4200770719651903136

54 chaosape the Skirmisher (level 3, -2/35 HPs)
             Began as a Gnoll Wanderer on Aug 25, 2021.
             Was an Initiate of Ru.
             Succumbed to an adder's poison
             ... on level 2 of the Dungeon.
             The game lasted 00:13:11 (1507 turns).

chaosape the Skirmisher (Gnoll Wanderer)            Turns: 1507, Time: 00:13:12

Health: -2/35      AC:  6    Str: 10    XL:     3   Next: 91%
Magic:  4/4        EV: 10    Int: 11    God:    Ru [......]
Gold:   57         SH:  0    Dex: 13    Spells: 4/4 levels left

rFire    . . .     SeeInvis .   c - +0 short sword
rCold    . . .     Faith    .   (no shield)
rNeg     . . .     Spirit   .   n - +0 ring mail
rPois    .         Reflect  .   (no helmet)
rElec    .         Harm     .   h - +0 cloak
rCorr    .         Rampage  .   (no gloves)
Will     .....                  (no boots)
Stlth    ++........             (no amulet)
HPRegen  0.11/turn              (no ring)
MPRegen  0.09/turn              (no ring)

@: lethally poisoned (-2 -> -15)
A: fangs 1, missing an eye, strong nose, distributed training
a: Renounce Religion


You were on level 2 of the Dungeon.
You worshipped Ru.
Ru was noncommittal.
You visited 1 branch of the dungeon, and saw 2 of its levels.

You collected 57 gold pieces.

Inventory:

Hand Weapons
 a - a +2 hand crossbow
 c - a +0 short sword (weapon)
 f - a +0 dagger
 m - a +0 whip
 r - a +0 dagger
 s - a +0 dagger
Missiles
 j - 20 sling bullets
 k - 20 stones (quivered)
 p - 18 arrows
 t - 2 silver javelins
Armour
 e - a +0 robe
 h - a +0 cloak (worn)
 n - a +0 ring mail (worn)
Scrolls
 o - a scroll of amnesia {unknown}
 q - 2 scrolls of identify {unknown}
 u - a scroll of brand weapon {unknown}
 v - a scroll of immolation {unknown}
 x - a scroll of torment {unknown}
 y - 3 scrolls of enchant weapon {unknown}
Potions
 d - 3 potions of curing
 g - a potion of invisibility {unknown}
 i - a potion of degeneration {unknown}
 l - a potion of resistance {unknown}
 w - 2 potions of berserk rage {unknown}
 z - a potion of ambrosia {unknown}


   Skills:
 + Level 6.5 Fighting
 + Level 1.0 Short Blades
 + Level 1.0 Long Blades
 + Level 1.0 Axes
 + Level 1.0 Maces & Flails
 + Level 2.6 Polearms
 + Level 1.0 Staves
 + Level 1.0 Slings
 + Level 1.0 Bows
 + Level 4.6 Crossbows
 + Level 1.0 Throwing
 + Level 2.6 Armour
 + Level 1.0 Dodging
 + Level 6.0 Stealth
 + Level 1.0 Shields
 + Level 1.0 Unarmed Combat
 + Level 1.0 Spellcasting
 + Level 0.7 Conjurations
 + Level 0.7 Hexes
 + Level 0.7 Summonings
 + Level 0.7 Necromancy
 + Level 0.7 Translocations
 + Level 0.7 Transmutations
 + Level 0.7 Fire Magic
 + Level 0.7 Ice Magic
 + Level 0.7 Air Magic
 + Level 0.7 Earth Magic
 + Level 0.7 Poison Magic
 + Level 1.0 Invocations
 + Level 1.0 Evocations


You had 4 spell levels left.
You didn't know any spells.
Your spell library was empty.

Dungeon Overview and Level Annotations

Branches:
Dungeon (2/15)

Altars:
Ru


Innate Abilities, Weirdness & Mutations

You have very sharp teeth.
You are missing an eye, making it more difficult to aim.
Your uncanny sense of smell can sniff out nearby items.
Your experience applies equally to all skills.


Message History

You are more poisoned.
The adder poisons you! The adder closely misses you.
Throw: 5 javelins (silver)
Press: ? - help, Shift-Dir - straight line, f/p - adder
Aim: an adder (24% to hit)
You throw a silver javelin.
The silver javelin barely misses the adder.
The silver javelin barely misses the hobgoblin.
You feel very sick. The adder bites you but does no damage.
Throw: 4 javelins (silver)
Press: ? - help, Shift-Dir - straight line, f/p - adder
Aim: an adder (24% to hit)
You throw a silver javelin.
The silver javelin closely misses the adder.
The silver javelin pierces through the hobgoblin!
You kill the hobgoblin!
You feel sick. The adder bites you but does no damage.
The adder closely misses you.
Throw: 3 javelins (silver)
Press: ? - help, Q - select action, (/) - cycle Shift-Dir - straight line, f/p - adder
Aim: an adder (24% to hit)
You throw a silver javelin.
The silver javelin pierces through the adder.
The adder is moderately wounded.
You feel sick. The adder bites you.
* * * LOW HITPOINT WARNING * * *
You are lethally poisoned!
The adder poisons you! The adder bites you.
* * * LOW HITPOINT WARNING * * *
You are more poisoned.
The adder poisons you!
You miss the adder.
The adder is moderately wounded.
* * * LOW HITPOINT WARNING * * *
You feel very sick. The adder barely misses you.
You closely miss the adder.
The adder is moderately wounded.
You die...

... #.. ........## #.#
#..# .........# #.# ..#
.........# #.# ..#
........# #<##<.###
.>....# #........
#####(...# ##..##.###
#((()().#### #...##.###
#().S@.####..###...#
######........<....###
#..###................
##.#.......#.#####....
#.........##..######†#
######.#......)##.....
#.....###.........
#######.#.### #.###.....
#..........####.###.....


You could see an adder.

Vanquished Creatures
  2 dart slugs (D:1)
  4 orcs (D:2)
  5 endoplasms
  A giant cockroach (D:1)
  4 goblins
  4 hobgoblins
  2 jackals (D:1)
  6 kobolds
  A quokka (D:2)
  3 ball pythons
  3 bats
  3 frilled lizards (D:2)
  4 rats
42 creatures vanquished.

Notes
Turn   | Place    | Note
-------+----------+-------------------------------------------
     0 | D:1      | chaosape the Gnoll Wanderer began the quest for the Orb.
     0 | D:1      | chaosape set off with the following items: a +2 hand
                  | crossbow, 22 bolts, a +0 short sword, a potion of curing, a
                  | +0 robe, a +0 dagger
     0 | D:1      | Reached XP level 1. HP: 23/23 MP: 1/1
   189 | D:1      | Reached XP level 2. HP: 24/29 MP: 2/2
   597 | D:1      | Reached XP level 3. HP: 35/35 MP: 3/3
  1243 | D:1      | Found a faded altar of an unknown god.
  1251 | D:1      | Became a worshipper of Ru the Awakened
  1267 | D:1      | Gained mutation: You are missing an eye, making it more
                  | difficult to aim. [Ru sacrifice]
  1392 | D:2      | Reached skill level 1 in Invocations
  1478 | D:2      | Reached skill level 1 in Short Blades
  1478 | D:2      | Reached skill level 1 in Long Blades
  1478 | D:2      | Reached skill level 1 in Axes
  1478 | D:2      | Reached skill level 1 in Maces & Flails
  1478 | D:2      | Reached skill level 1 in Staves
  1478 | D:2      | Reached skill level 1 in Slings
  1478 | D:2      | Reached skill level 1 in Bows
  1478 | D:2      | Reached skill level 1 in Throwing
  1478 | D:2      | Reached skill level 1 in Dodging
  1478 | D:2      | Reached skill level 1 in Shields
  1478 | D:2      | Reached skill level 1 in Unarmed Combat
  1478 | D:2      | Reached skill level 1 in Spellcasting
  1478 | D:2      | Reached skill level 1 in Evocations
  1507 | D:2      | Succumbed to an adder's poison

Illustrated notes

Levels and vault maps discovered:
D:1:      roderic_octagonal_star, layout_basic,
          shapermc_ecumenical_altar_hornbeckon, minmay_misc_feat_secret_circle,
          minmay_pentomino_x4
D:2:      minmay_evil_eye, layout_rooms

Skill      XL: |  1  2  3 |
---------------+----------+-----
Stealth        | 6 |  6.0
Invocations    | 1 |  1.0
Short Blades   | 1 |  1.0
Long Blades    | 1 |  1.0
Axes           | 1 |  1.0
Maces & Flails | 1 |  1.0
Staves         | 1 |  1.0
Slings         | 1 |  1.0
Bows           | 1 |  1.0
Throwing       | 1 |  1.0
Dodging        | 1 |  1.0
Shields        | 1 |  1.0
Unarmed Combat | 1 |  1.0
Spellcasting   | 1 |  1.0
Evocations     | 1 |  1.0
Fighting       | |  6.5
Polearms       | |  2.6
Crossbows      | |  4.6
Armour         | |  2.6
Conjurations   | |  0.7
Hexes          | |  0.7
Summonings     | |  0.7
Necromancy     | |  0.7
Translocations | |  0.7
Transmutations | |  0.7
Fire Magic     | |  0.7
Ice Magic      | |  0.7
Air Magic      | |  0.7
Earth Magic    | |  0.7
Poison Magic   | |  0.7

Action                   || total
-------------------------++-------
Melee: Short sword       ||    40
       Bite              ||     2
 Fire: Hand crossbow     ||    60
Throw: Stone             ||     3
       Javelin           ||     4
Invok: Sacrifice an Eye  ||     1
Armor: Robe              ||     5
       Ring mail         ||    10
Dodge: Dodged            ||    21
